 Dungeon Crawl Stone Soup version 0.31-a0-859-g9dce7d3444 (webtiles) character file.

Game seed: 7108261452566254572

361 Shayle the Ruffian (level 6, 0/47 HPs)
             Began as a Human Shapeshifter on Oct 9, 2023.
             Was an Initiate of Ashenzari.
             Succumbed to a scorpion's poison
             ... on level 6 of the Dungeon.
             The game lasted 00:11:54 (4375 turns).

Shayle the Ruffian (Human Shapeshifter)             Turns: 4375, Time: 00:11:55

Health: 0/47       AC:  5    Str: 14    XL:     6   Next: 99%
Magic:  6/6        EV:  9    Int: 12    God:    Ashenzari [......]
Gold:   343        SH:  7    Dex: 13    Spells: 2/5 levels left

rFire   . . .        b - +0 spear (freeze)
rCold   + . .        u - +0 kite shield
rNeg    . . .        o - +0 ring mail
rPois   .            (helmet currently unavailable)
rElec   .            (cloak currently unavailable)
rCorr   .            (gloves currently unavailable)
SInv    .            (boots currently unavailable)
Will    ++...        (no amulet)
Stlth   +            i - ring of Toth-Mos's Legacy {rC+, Dev, Bglg} (curse)
HPRegen 0.27/turn    m - ring of willpower
MPRegen 0.10/turn

%: no passive effects
@: lethally poisoned (0 -> -14), beast-form, enlightened, flying
A: beast (slay +2)
a: Begin Untransformation, Renounce Religion, Shatter the Chains


You were on level 6 of the Dungeon.
You worshipped Ashenzari.
Ashenzari was noncommittal.
You were a hulking beast.
You visited 2 branches of the dungeon, and saw 8 of its levels.

You collected 343 gold pieces.

Inventory:

Hand Weapons
 b - a +0 spear of freezing (weapon)
 C - a +2 short sword of speed
Armour
 a - a +0 animal skin
 l - a +0 helmet
 o - a +0 ring mail (worn)
 p - a +0 pair of boots
 u - a +0 kite shield (worn)
 v - a +0 pair of gloves
Jewellery
 g - a ring of wizardry
 i - the cursed ring of Toth-Mos's Legacy (left hand) {rC+, Dev, Bglg}
   (You took it off a kobold on level 4 of the Dungeon)

   [ring of protection from cold]

   rC+:       It protects you from cold.
   It has a curse which improves the following skills: Devices: Evocations and
   Shapeshifting.
   Beguiling: Conjurations, Hexes and Translocations.
 m - a ring of willpower (right hand)
Talismans
 c - a beast talisman (active)
 d - a flux talisman
Scrolls
 h - a scroll of teleportation
 n - 2 scrolls of immolation
 s - a scroll of identify
Potions
 f - 4 potions of attraction
 q - 2 potions of brilliance {unknown}
 t - a potion of enlightenment
 z - 2 potions of might {unknown}
 A - a potion of magic {unknown}


   Skills:
 + Level 3.5 Fighting
 - Level 2.0 Dodging
 + Level 0.8 Shields
 + Level 4.5 Unarmed Combat
 + Level 1.3(1.6) Conjurations
 + Level 1.2 Earth Magic
 + Level 4.3(4.7) Shapeshifting


You had 2 spell levels left.
You knew the following spells:

 Your Spells              Type           Power      Damage    Failure   Level
a - Stone Arrow           Conj/Erth      6%         3d7       99%         3

Your spell library contained the following spells:

 Spells                   Type           Power      Damage    Failure   Level
 Sublimation of Blood     Necr           0%         N/A       98%         2
 Gell's Gravitas          Tloc           0%         N/A       100%        3
 Teleport Other           Tloc           0%         N/A       100%        3
 Animate Armour           Summ/Erth      2%         N/A       100%        4
 Petrify                  Tmut/Erth      1%         N/A       100%        4
 Irradiate                Conj/Tmut      0%         3d11      100%        5
 Dispersal                Tloc           0%         N/A       100%        6
 Lehudib's Crystal Spear  Conj/Erth      1%         10d2      100%        8


Dungeon Overview and Level Annotations

Branches:
Dungeon (7/15)             Temple (1/1) D:5

Altars:
Ashenzari
Cheibriados
Gozag
Kikubaaqudgha
Makhleb
Nemelex Xobeh
Okawaru
Ru
Sif Muna
Uskayaw
Vehumet
Wu Jian
Xom
Yredelemnul
Zin
The Shining One

Annotations:
D:4 Sigmund
D:5 Edmund


Message History

The black bear is almost dead.
The black bear bites you.
* * * LOW HITPOINT WARNING * * *
You block the black bear's attack. The black bear claws you.
* * * LOW HITPOINT WARNING * * *
The black bear bites you.
* * * LOW HITPOINT WARNING * * *
You block the black bear's attack.
The black bear claws you but does no damage.
Okay, then.
Okay, then.
Blink to where?
Press: ? - help, Dir - move target
As you read the scroll of blinking, it crumbles to dust.
As you read the scroll of teleportation, it crumbles to dust.
You feel strangely unstable.
The black bear rages.
Your surroundings suddenly seem different.
A scorpion comes into view.
You hit the scorpion. You freeze the scorpion.
The scorpion is lightly wounded.
The scorpion stings you but does no damage.
You barely miss the scorpion.
The scorpion is lightly wounded.
The scorpion barely misses you. The scorpion stings you.
* * * LOW HITPOINT WARNING * * *
You are lethally poisoned!
The scorpion poisons you!
You closely miss the scorpion.
The scorpion is lightly wounded.
* * * LOW HITPOINT WARNING * * *
You feel very sick. The scorpion stings you.
* * * LOW HITPOINT WARNING * * *
You are more poisoned.
The scorpion poisons you!
It was a potion of enlightenment.
You feel very buoyant.
You fly up into the air.
You die...

# .##
...#
##...#
###...#
#hs.#
##.##
..#
####


You could see a scorpion.

Vanquished Creatures
  A phantom (D:5)
  A jelly (D:5)
  A gnoll bouda (D:4)
  An iguana (D:4)
  Natasha (D:4)
  3 gnolls (D:5)
  7 adders
  A white imp (D:5)
  3 dart slugs
  An orc (D:6)
  6 bats
  4 endoplasms
  3 goblins
  6 hobgoblins
  9 jackals
  A quokka (D:2)
  7 ball pythons
  3 frilled lizards (D:1)
  3 kobolds
  5 rats
67 creatures vanquished.

Notes
Turn   | Place    | Note
-------+----------+-------------------------------------------
     0 | D:1      | Shayle the Human Shapeshifter began the quest for the Orb.
     0 | D:1      | Reached XP level 1. HP: 15/15 MP: 1/1
   114 | D:1      | Reached XP level 2. HP: 9/21 MP: 2/2
   375 | D:1      | Reached XP level 3. HP: 27/27 MP: 3/3
   892 | D:2      | Reached XP level 4. HP: 16/33 MP: 4/4
  1878 | D:3      | Found a faded altar of an unknown god.
  2027 | D:3      | Reached XP level 5. HP: 39/39 MP: 5/5
  2373 | D:4      | Noticed Natasha
  2378 | D:4      | Killed Natasha
  2400 | D:4      | Found a sparkling altar of Nemelex Xobeh.
  2504 | D:4      | Noticed Sigmund
  2504 | D:4      | Noticed Edmund
  2779 | D:5      | Entered Level 5 of the Dungeon
  2966 | D:5      | Found a staircase to the Ecumenical Temple.
  3005 | Temple   | Entered the Ecumenical Temple
  3021 | Temple   | Became a worshipper of Ashenzari the Shackled
  3093 | D:5      | Learned a level 3 spell: Stone Arrow
  3169 | D:5      | Reached XP level 6. HP: 13/47 MP: 6/6
  3333 | D:5      | Found an opulent altar of Gozag.
  3990 | D:5      | Reached skill level 1 in Conjurations
  3990 | D:5      | Reached skill level 1 in Earth Magic
  4256 | D:7      | Noticed an orc warrior
  4345 | D:6      | Noticed a black bear
  4375 | D:6      | Succumbed to a scorpion's poison

Illustrated notes

Levels and vault maps discovered:
D:1:      scummos_arrival_hexagon, layout_rooms, serial_bayou,
          serial_bayou_shore_b, serial_bayou_pond_d, serial_bayou_pond_a,
          serial_bayou_ford_a, item_on_display_a
D:2:      layout_loops_ring, grunt_decor_arrowhead
D:3:      layout_basic, hellmonk_ecumenical_altar_blasted,
          kennysheep_generic_room_13
D:4:      layout_basic, mainiacjoe_overflow_concentric_impassable, serial_shops,
          kennysheep_mini_moat, minmay_misc_feat_enclosed,
          sigmund_edmund_badplayer, uniq_natasha
D:5:      layout_basic, nicolae_gozag_cash_rules_everything_around_me,
          minmay_temple_entry_fiery
D:6:      layout_basic, marbit_many_paths, serial_curves, eino_curves_03,
          eino_curves_03, eino_curves_04, eino_curves_03
D:7:      layout_loops_ring, trog_antimagical, nicolae_titane
Temple:   jpeg_temple_clearing

Skill      XL: |  1  2  3  4  5  6 |
---------------+-------------------+-----
Fighting       | 2 3 |  3.5
Unarmed Combat | 4 |  4.5
Shapeshifting  | 4 |  4.3
Conjurations   | 1 |  1.3
Earth Magic    | 1 |  1.2
Dodging        | |  2.0
Shields        | |  0.8

Action                     |  1- 3 |  4- 6 || total
---------------------------+-------+-------++-------
  Melee: Unarmed           |    94 |    74 ||   168
         Punch             |     2 |     3 ||     5
         Short sword       |       |    73 ||    73
         Spear             |       |    61 ||    61
 Invoke: Curse Item        |       |     1 ||     1
    Use: Scroll            |       |    13 ||    13
         Potion            |       |     5 ||     5
 Armour: Animal skin       |    38 |       ||    38
         Ring mail         |    21 |   152 ||   173
         Skin              |       |     6 ||     6
  Dodge: Dodged            |    77 |   106 ||   183
  Block: Kite shield       |       |    30 ||    30

Table legend: (Time is in decaauts)
 A = Elapsed time spent in this place.
 B = Non-inter-level travel time spent in this place.
 C = Inter-level travel time spent in this place.
 D = Time resting spent in this place.
 E = Time spent auto-exploring this place.
 F = Levels seen in this place.
 G = Mean time per level.
                   A        B        C        D        E       F      G
               +--------+--------+--------+--------+--------+-----+--------+
         Total |   4375 |   4276 |     99 |    794 |   2256 |   8 |  546.9 |
       Dungeon |   4343 |   4256 |     87 |    794 |   2256 |   7 |  620.4 |
        Temple |     32 |     20 |     12 |      0 |      0 |   1 |   32.0 |
               +--------+--------+--------+--------+--------+-----+--------+

Top non-repeatable levels by time:
     D:5: 1033 daAuts
     D:2: 920 daAuts
     D:3: 722 daAuts
     D:4: 715 daAuts
     D:1: 705 daAuts
     D:6: 242 daAuts
  Temple: 32 daAuts
     D:7: 2 daAuts
